 Seeded DCSS version 0.28-a0-410-gbef64dd269 (webtiles) character file.

Game seed: 11091976008765326960 (custom seed)

7555 a11behringer the Blocker (level 11, -1/76 HPs)
             Began as a Formicid Fighter on Sept 6, 2021.
             Was an Elder of Okawaru.
             Killed by divine providence
             ... invoked by an orc priest
              (14 damage)
             ... on level 9 of the Dungeon.
             The game lasted 00:54:14 (9974 turns).

a11behringer the Blocker (Formicid Fighter)         Turns: 9974, Time: 00:54:15

Health: -1/76      AC: 18    Str: 21    XL:     11   Next: 39%
Magic:  16/16      EV:  5    Int:  8    God:    Okawaru [****..]
Gold:   391        SH: 16    Dex: 13    Spells: 10/10 levels left

rFire   . . .      SeeInvis +   x - +5 great sword
rCold   . . .      Faith    .   E - +0 tower shield
rNeg    . . .      Spirit   .   s - +0 plate armour
rPois   +          Reflect  .   (helmet unavailable)
rElec   .          Harm     .   g - +2 cloak
rCorr   .          Rampage  .   (no gloves)
Will    +....                   z - +0 pair of boots
Stlth   ..........              v - amulet of magic regeneration
HPRegen 0.22/turn               t - ring of poison resistance
MPRegen 0.40/turn               (no ring)

@: no status effects
A: permanent stasis, dig shafts and tunnels, antennae 3, four strong arms
a: Dig, Shaft Self, Renounce Religion, Heroism, Finesse


You were on level 9 of the Dungeon.
You worshipped Okawaru.
Okawaru was greatly pleased with you.
You visited 2 branches of the dungeon, and saw 10 of its levels.

You collected 391 gold pieces.

Inventory:

Hand Weapons
 a - a +0 long sword
 k - a +2 scimitar of flaming
 q - the +3 dagger of Youthful Indiscretion {drain, rElec rPois Str+4 Dex+4}
   (You found it on level 8 of the Dungeon)

   A truly terrible weapon, it drains the life of any living foe it strikes.
   Str:       It affects your strength (+4).
   Dex:       It affects your dexterity (+4).
   rElec:     It insulates you from electricity.
   rPois:     It protects you from poison.
 r - a +0 hunting sling
 x - a +5 great sword (weapon)
 H - a +5 long sword
Missiles
 j - 201 stones
 y - 43 sling bullets
 D - 3 throwing nets
Armour
 b - a +0 scale mail
 c - a +0 buckler
 g - a +2 cloak (worn)
 n - a +0 chain mail
 s - a +0 plate armour (worn)
 w - a +0 plate armour
 z - a +0 pair of boots (worn)
 E - a +0 tower shield (worn)
Magical Staves
 K - a staff of earth
Jewellery
 t - a ring of poison resistance (left hand)
 v - an amulet of magic regeneration (around neck)
Wands
 u - a wand of iceblast (11)
 A - a wand of polymorph (5)
 I - a wand of flame (20)
Scrolls
 h - 4 scrolls of teleportation
 i - 5 scrolls of immolation
 l - a scroll of noise
Potions
 d - a potion of might
 e - a potion of invisibility
 f - 3 potions of curing
 m - 2 potions of lignification
 p - 2 potions of degeneration
 F - a potion of flight
 G - a potion of attraction


   Skills:
 - Level 3.7 Fighting
 - Level 10.3 Long Blades
 - Level 2.1 Slings
 - Level 9.0 Armour
 * Level 10.9 Shields
 - Level 0.3 Unarmed Combat
 - Level 7.7 Invocations


You had 10 spell levels left.
You didn't know any spells.
Your spell library contained the following spells:

 Spells                   Type           Power      Damage    Failure   Level
 Conjure Flame            Conj/Fire      0%         6-21      100%        3
 Ignite Poison            Fire/Tmut/Pois 0%         N/A       100%        3
 Sticky Flame             Conj/Fire      0%         2d3       100%        4


Dungeon Overview and Level Annotations

Branches:
Dungeon (9/15)             Temple (1/1) D:5            Lair (0/6) D:8
    Orc: D:9-12

Altars:
Dithmenos
Elyvilon
Gozag
Okawaru
Trog
Uskayaw
Wu Jian


Innate Abilities, Weirdness & Mutations

You cannot be hasted, slowed, berserked, paralysed or teleported.
You can dig through walls and to a lower floor.
You have a pair of large antennae on your head. (SInv)
Your four strong arms can wield two-handed weapons with a shield.


Message History

The kobold hits you with a +3 short sword.
* * * LOW HITPOINT WARNING * * *
The kobold throws a stone.
The stone hits you.
* * * LOW HITPOINT WARNING * * *
Items here: ( )) †.
The orc priest calls down the wrath of Beogh upon you.
Beogh smites you!
* * * LOW HITPOINT WARNING * * *
The kobold throws a stone.
The stone hits you but does no damage.
The kobold throws a stone.
You block the stone.
You sense a monster nearby.
You sense a monster nearby.
The kobold throws a stone.
The stone hits you.
* * * LOW HITPOINT WARNING * * *
A kobold is nearby!
The kobold throws a stone.
You block the stone.
The kobold throws a stone.
The stone hits you but does no damage.
There is an open door here.
You open the door.
There is an open door here.
As you open the door, it creaks loudly!
The orc priest looks encouraged for a moment.
There is an open door here.
You open the door.
The kobold throws a stone.
You block the stone.
There is an open door here.
You hear the faint creaking of a very distant portcullis.
The kobold throws a stone.
You block the stone.
You open the door.
The kobold throws a stone.
You block the stone.
The orc priest calls down the wrath of Beogh upon you.
You resist with significant effort.
Found a whip.
The orc priest looks satisfied for a moment.
The kobold brigand throws a poisoned dart.
You block the poisoned dart.
There is an open door here.
You extend your mandibles.
You dig through the rock wall.
The orc priest mumbles some strange prayers to Beogh against you.
Beogh smites you!
You die...

.........###.K#.....#..#
.........# #..#o###'#..#
.........###..#.....#..#
......#.+.K'.._..'..+
........#..#.....#..#
....)...#..#+###+#..#
........#..#.....#..#
........'##+ +##'##+
.....#@#.....#.....# #.
... ###.....#.....# .. #
##+##+##'####..
#.............
...###..#..#..
.....#.....
....##.#...#. .....
..#.#.#. .... ####.#...


You could see an orc priest and a kobold.

Vanquished Creatures
  Harold (D:7)
  Erica (D:8)
  Pikel (D:8)
  The ghost of heikuro the Slasher, a novice FoAK of Lugonu (D:6)
  Joseph (D:8)
  An elephant (D:8)
  Psyche (D:8)
  2 kobold demonologists (D:9)
  2 wyverns
  4 yaks (D:7)
  A basilisk (D:8)
  2 water moccasins
  2 orc warriors
  A black bear (D:8)
  3 ogres
  2 necrophages
  A phantom (D:4)
  A lemure (D:8)
  2 kobold brigands (D:9)
  4 bullfrogs
  A water moccasin zombie (D:5)
  A gnoll sergeant (D:5)
  2 scorpions (D:6)
  6 killer bees (D:8)
  2 wights
  6 electric eels (D:8)
  2 howler monkeys (D:4)
  A centaur zombie (D:7)
  2 centaur skeletons
  3 hounds
  A gnoll shaman (D:8)
  2 jellies
  4 orc priests
  Jessica (D:3)
  An iguana (D:5)
  Natasha (twice) (D:3)
  2 orc wizards (D:8)
  Terence (D:2)
  A killer bee zombie (D:8)
  A hound skeleton (D:4)
  A howler monkey zombie (D:7)
  9 gnolls
  3 adders
  A shadow imp (D:7)
  A white imp (D:8)
  2 dart slugs (D:4)
  15 orcs
  6 bats
  5 endoplasms
  2 giant cockroaches (D:4)
  4 goblins
  6 hobgoblins
  8 kobolds
  3 quokkas
  7 ball pythons
  3 frilled lizards
  A rat (D:2)
153 creatures vanquished.

Vanquished Creatures (others)
  11 fungi (D:8)
  11 plants
22 creatures vanquished.

Grand Total: 175 creatures vanquished

Notes
Turn   | Place    | Note
-------+----------+-------------------------------------------
     0 | D:1      | a11behringer the Formicid Fighter began the quest for the
                  | Orb.
     0 | D:1      | Reached XP level 1. HP: 18/18 MP: 1/1
   304 | D:1      | Reached XP level 2. HP: 23/24 MP: 2/2
   504 | D:1      | Found a faded altar of an unknown god.
   779 | D:1      | Reached XP level 3. HP: 25/30 MP: 3/3
  1417 | D:2      | Noticed Terence
  1428 | D:2      | Killed Terence
  1444 | D:2      | Reached XP level 4. HP: 26/37 MP: 4/4
  2204 | D:4      | Reached XP level 5. HP: 42/42 MP: 5/5
  2351 | D:5      | Entered Level 5 of the Dungeon
  2386 | D:5      | Reached skill level 5 in Long Blades
  2416 | D:5      | Noticed a necrophage
  2429 | D:5      | Killed a necrophage
  2430 | D:5      | Reached XP level 6. HP: 41/48 MP: 6/6
  2489 | D:5      | Found an ornate altar of the Wu Jian Council.
  2650 | D:5      | Noticed an ogre
  2736 | D:4      | Noticed an ogre
  2745 | D:4      | Killed an ogre
  2746 | D:4      | Reached XP level 7. HP: 41/53 MP: 7/7
  2976 | D:5      | Found a staircase to the Ecumenical Temple.
  2982 | Temple   | Entered the Ecumenical Temple
  2988 | Temple   | Became a worshipper of Warmaster Okawaru
  3473 | D:3      | Found a white marble altar of Elyvilon.
  3473 | D:3      | Found a bloodstained altar of Trog.
  3506 | D:3      | Found a hide-covered altar of Uskayaw.
  3515 | D:3      | Noticed Jessica
  3519 | D:3      | Killed Jessica
  3520 | D:3      | Reached XP level 8. HP: 60/60 MP: 8/8
  3578 | D:3      | Noticed Natasha
  3587 | D:3      | Killed Natasha
  3673 | D:3      | Noticed Natasha
  3680 | D:3      | Killed Natasha
  4003 | D:4      | You fall into a shaft and drop 3 floors!
  4062 | D:7      | Noticed a yak
  4090 | D:7      | Reached * piety under Okawaru
  4094 | D:7      | Killed a yak
  4237 | D:6      | Found a runed translucent gate.
  4237 | D:6      | Found a runed translucent gate.
  4237 | D:6      | Found a runed translucent gate.
  4238 | D:6      | Noticed heikuro's ghost (novice FoAK)
  5001 | D:5      | Reached skill level 10 in Long Blades
  5024 | D:5      | Reached XP level 9. HP: 32/65 MP: 9/9
  5371 | D:6      | Reached skill level 1 in Invocations
  5658 | D:6      | Killed heikuro's ghost
  5658 | D:6      | Reached ** piety under Okawaru
  5702 | D:6      | Reached skill level 5 in Armour
  5702 | D:6      | Reached skill level 5 in Shields
  6438 | D:7      | Noticed Harold
  6451 | D:7      | Killed Harold
  6451 | D:7      | Reached *** piety under Okawaru
  6452 | D:7      | Reached skill level 5 in Invocations
  6452 | D:7      | Reached XP level 10. HP: 71/71 MP: 12/14
  7147 | D:8      | Reached **** piety under Okawaru
  7920 | D:8      | Noticed an elephant
  7935 | D:8      | Killed an elephant
  7940 | D:8      | Found a staircase to the Lair.
  7954 | D:8      | Noticed Psyche
  8371 | D:8      | Killed Psyche
  8655 | D:8      | Noticed Pikel
  8669 | D:8      | Killed Pikel
  8670 | D:8      | Reached XP level 11. HP: 34/76 MP: 16/16
  8945 | D:8      | Found an opulent altar of Gozag.
  9064 | D:8      | Reached skill level 1 in Slings
  9066 | D:8      | Noticed Joseph
  9085 | D:8      | Killed Joseph
  9443 | D:8      | Noticed Erica
  9461 | D:8      | Killed Erica
  9461 | D:8      | Received a gift from Okawaru
  9462 | D:8      | Reached skill level 10 in Shields
  9770 | D:8      | Identified the +3 dagger of Youthful Indiscretion {drain,
                  | rElec rPois Str+4 Dex+4}
  9853 | D:9      | Found a shadowy altar of Dithmenos.
  9974 | D:9      | Killed from afar by an orc priest

Illustrated notes

Levels and vault maps discovered:
D:1:      co_arrival_random_square_maze, layout_loops_corners,
          shapermc_ecumenical_altar_mp_vishouse, hangedman_decor_lopped
D:2:      layout_loops_cross, hex_tiny, minmay_tromino_v4_c, uniq_terence
D:3:      layout_loops_ring, nicolae_overflow_hidden_temple,
          amcnicky_altar_gilded, serial_bayou_lagoon_a, uniq_jessica,
          uniq_natasha
D:4:      layout_loops_ring, minmay_surrounded
D:5:      layout_basic, pdpol_wu_jian_five_deadly_venoms,
          minmay_temple_entry_enclosed_plants
D:6:      layout_loops_ring, ebering_ghost_rock_garden,
          chequers_hall_statues_corner_a
D:7:      layout_basic, uniq_harold
D:8:      layout_loops_ring, mainiacjoe_overflow_chevrons, david_lair_generic,
          serial_bayou, serial_bayou_crossing, serial_bayou_ford_a,
          serial_bayou_pond_b, serial_bayou_pond_a, serial_bayou_pond_d,
          kennysheep_small_circle, uniq_joseph, uniq_pikel, uniq_psyche,
          uniq_erica
D:9:      layout_basic, zin_academy, mainiacjoe_overflow_24_doors,
          enter_bailey_4
Temple:   dshaligram_water_room_temple

Skill      XL: |  1  2  3  4  5  6  7  8  9 10 11 |
---------------+----------------------------------+-----
Long Blades    | 3 4 5 6 8 10 | 10.3
Invocations    | 5 7 |  7.7
Armour         | 6 9 |  9.0
Shields        | 6 8 10 | 10.9
Slings         | 2 |  2.1
Fighting       | |  3.7
Unarmed Combat | |  0.3

Action                   |  1- 3 |  4- 6 |  7- 9 | 10-12 || total
-------------------------+-------+-------+-------+-------++-------
Melee: Long sword        |    83 |    93 |    44 |       ||   220
       Great sword       |       |       |   117 |   193 ||   310
       Unarmed           |       |       |       |     9 ||     9
Invok: Heroism           |       |       |     3 |     5 ||     8
       Finesse           |       |       |       |     1 ||     1
 Abil: Dig               |     2 |     2 |     7 |     1 ||    12
  Use: Scroll            |       |     1 |    12 |     5 ||    18
       Potion            |       |       |     3 |     6 ||     9
Armor: Scale mail        |    69 |       |       |       ||    69
       Chain mail        |     9 |    64 |    77 |       ||   150
       Skin              |       |       |     2 |       ||     2
       Plate armour      |       |       |    13 |    74 ||    87
Dodge: Dodged            |    37 |    33 |    49 |    53 ||   172
Block: Buckler           |    26 |    15 |    38 |    27 ||   106
       Tower shield      |       |       |       |    32 ||    32

Table legend: (Time is in decaauts)
 A = Elapsed time spent in this place.
 B = Non-inter-level travel time spent in this place.
 C = Inter-level travel time spent in this place.
 D = Time resting spent in this place.
 E = Time spent auto-exploring this place.
 F = Levels seen in this place.
 G = Mean time per level.
                   A        B        C        D        E       F      G
               +--------+--------+--------+--------+--------+-----+--------+
         Total |  10069 |   6519 |   3550 |      0 |   4649 |  10 | 1006.9 |
       Dungeon |  10056 |   6516 |   3540 |      0 |   4649 |   9 | 1117.3 |
        Temple |     12 |      2 |     10 |      0 |      0 |   1 |   12.0 |
               +--------+--------+--------+--------+--------+-----+--------+

Top non-repeatable levels by time:
     D:8: 2780 daAuts
     D:1: 1285 daAuts
     D:4: 1174 daAuts
     D:6: 1116 daAuts
     D:5: 1046 daAuts
     D:7: 841 daAuts
     D:2: 833 daAuts
     D:3: 823 daAuts
     D:9: 155 daAuts
  Temple: 12 daAuts
